 Dungeon Crawl Stone Soup version 0.30-a0-959-g3818848631 (webtiles) character file.

Game seed: 10071502109770215642

2970 Grim the Cleaver (level 10, -4/73 HPs)
             Began as a Formicid Fighter on Mar 30, 2023.
             Was a Believer of Makhleb.
             Shot with an arrow by a centaur (6 damage)
             ... on level 7 of the Dungeon.
             The game lasted 00:15:51 (7280 turns).

Grim the Cleaver (Formicid Fighter)                 Turns: 7280, Time: 00:15:52

Health: -4/73      AC: 13    Str: 25    XL:     10   Next: 8%
Magic:  13/13      EV:  6    Int:  8    God:    Makhleb [**....]
Gold:   440        SH:  5    Dex: 13    Spells: 9/9 levels left

rFire   . . .      SeeInvis +    a - +0 war axe
rCold   + . .      Faith    .    c - +0 buckler
rNeg    . . .      Spirit   .    f - +0 plate armour
rPois   +          Reflect  .    (helmet unavailable)
rElec   .          Rampage  .    A - +0 cloak
rCorr   .                        (no gloves)
Will    +....                    r - +0 pair of boots Stlth
                                 (no amulet)
HPRegen 0.32/turn                E - ring of poison resistance
MPRegen 0.13/turn                D - ring of protection from cold

@: no status effects
A: permanent stasis, dig shafts and tunnels, antennae 3, four strong arms
a: Dig, Shaft Self, Renounce Religion, Minor Destruction


You were on level 7 of the Dungeon.
You worshipped Makhleb.
Makhleb was pleased with you.
You visited 2 branches of the dungeon, and saw 8 of its levels.

You collected 440 gold pieces.

Inventory:

Hand Weapons
 a - a +0 war axe (weapon)
 u - a +0 battleaxe
Armour
 c - a +0 buckler (worn)
 f - a +0 plate armour (worn)
 r - a +0 pair of boots (worn)
 A - a +0 cloak (worn)
Jewellery
 D - a ring of protection from cold (right hand)
 E - a ring of poison resistance (left hand)
Wands
 p - a wand of polymorph (8)
Scrolls
 e - 2 scrolls of enchant armour {unknown}
 g - 2 scrolls of enchant weapon {unknown}
 h - 2 scrolls of fear {unknown}
 i - 2 scrolls of poison {unknown}
 j - 10 scrolls of identify {unknown}
 k - a scroll of magic mapping {unknown}
 l - a scroll of blinking {unknown}
 n - 2 scrolls of teleportation {unknown}
 v - 3 scrolls of vulnerability {unknown}
 x - 2 scrolls of amnesia {unknown}
 C - 2 scrolls of butterflies {unknown}
Potions
 b - 6 potions of curing
 d - 4 potions of might
 m - 2 potions of magic {unknown}
 o - 2 potions of lignification {unknown}
 q - 2 potions of mutation {unknown}
 s - 2 potions of degeneration {unknown}
 t - 2 potions of flight {unknown}
 z - 2 potions of heal wounds {unknown}
 B - 2 potions of brilliance {unknown}


   Skills:
 + Level 4.6 Fighting
 - Level 12.0 Axes
 - Level 3.2 Armour
 - Level 6.0 Shields
 + Level 4.3 Invocations


You had 9 spell levels left.
You didn't know any spells.
Your spell library contained the following spells:

 Spells                   Type           Power      Damage    Failure   Level
 Magic Dart               Conj           0%         1d3       100%        1
 Call Imp                 Summ           0%         N/A       100%        2
 Mephitic Cloud           Conj/Pois/Air  0%         N/A       100%        3
 Manifold Assault         Tloc           0%         N/A       100%        4
 Storm Form               Tmut/Air       0%         N/A       100%        7
 Blink                    Tloc           Unusable   N/A       N/A         2

Dungeon Overview and Level Annotations

Branches:
Dungeon (7/15)             Temple (1/1) D:4

Altars:
Cheibriados
Elyvilon
Fedhas
Gozag
Hepliaklqana
Kikubaaqudgha
Makhleb
Nemelex Xobeh
Ru
Trog
Uskayaw
Vehumet
Xom
Yredelemnul
Zin
The Shining One


Innate Abilities, Weirdness & Mutations

You cannot be hasted, slowed, berserked, paralysed or teleported.
You can dig through walls and to a lower floor.
You have a pair of large antennae on your head. (SInv)
Your four strong arms can wield two-handed weapons with a shield.


Message History

The arrow hits you.
The centaur shoots an arrow.
The arrow hits you!
* * * LOW HITPOINT WARNING * * *
The centaur shoots an arrow.
The arrow hits you.
* * * LOW HITPOINT WARNING * * *
The centaur shoots an arrow.
The arrow hits you.
* * * LOW HITPOINT WARNING * * *
The centaur shoots an arrow.
The arrow hits you but does no damage.
The centaur shoots an arrow.
The arrow hits you.
* * * LOW HITPOINT WARNING * * *
The centaur shoots an arrow.
The arrow hits you but does no damage.
The centaur shoots an arrow.
The arrow hits you.
* * * LOW HITPOINT WARNING * * *
The centaur shoots an arrow.
The arrow hits you!
* * * LOW HITPOINT WARNING * * *
The centaur shoots an arrow.
The arrow hits you.
* * * LOW HITPOINT WARNING * * *
The centaur shoots an arrow.
The arrow hits you.
* * * LOW HITPOINT WARNING * * *
The centaur shoots an arrow.
You block the arrow.
You hear a shout! x2
You feel better.
The centaur shoots an arrow.
The arrow hits you but does no damage.
The centaur shoots an arrow.
The arrow hits you but does no damage.
The centaur shoots an arrow.
The arrow hits you but does no damage.
The centaur shoots an arrow.
The arrow hits you.
* * * LOW HITPOINT WARNING * * *
The centaur shoots an arrow.
The arrow hits you but does no damage.
You hear a shout!
The centaur shoots an arrow.
The arrow barely misses you.
The centaur shoots an arrow.
The arrow hits you!
* * * LOW HITPOINT WARNING * * *
You feel better.
The centaur shoots an arrow.
The arrow hits you.
* * * LOW HITPOINT WARNING * * *
The centaur shoots an arrow.
The arrow hits you.
* * * LOW HITPOINT WARNING * * *
The centaur shoots an arrow.
The arrow barely misses you.
The centaur shoots an arrow.
The arrow hits you.
* * * LOW HITPOINT WARNING * * *
The centaur shoots an arrow.
The arrow hits you.
You die...

##...................
####....................
##..##....#..............
#.......................#
###.................##...
####.............##....
###...#.....≈≈≈≈≈≈..
#...^..≈≈≈≈≈≈≈≈≈≈≈
#@....≈≈≈≈≈≈..≈≈≈≈
#....≈≈≈≈.####.≈≈≈
##..≈≈≈≈.# #.≈≈≈
#..≈≈≈c.# #.≈≈≈ #.#≈≈≈c..
≈≈ #.≈≈≈≈c.. ≈ #.≈≈≈≈≈..
≈ #.≈≈≈≈≈.. ....≈≈
##≈≈≈≈≈≈..cccc≈≈≈


You could see 3 centaurs.

Vanquished Creatures
  Eustachio (D:6)
  3 water moccasins
  Duvessa (D:6)
  3 sky beasts
  An orc warrior (D:7)
  3 centaurs
  Blork the orc (D:4)
  2 kobold brigands
  4 bullfrogs
  5 scorpions
  Dowan (D:6)
  A howler monkey (D:2)
  A gnoll bouda (D:5)
  4 hounds
  2 jellies
  Crazy Yiuf (D:6)
  3 orc priests
  7 iguanas
  A sleepcap (D:6)
  5 orc wizards
  4 gnolls
  12 adders
  A shadow imp (D:7)
  An ufetubus (D:5)
  3 worms
  3 dart slugs
  24 orcs
  12 endoplasms
  4 giant cockroaches
  3 goblins (D:1)
  10 hobgoblins
  3 jackals (D:2)
  2 quokkas
  9 ball pythons
  5 bats
  3 frilled lizards (D:1)
  20 kobolds
  8 rats
177 creatures vanquished.

Notes
Turn   | Place    | Note
-------+----------+-------------------------------------------
     0 | D:1      | Grim the Formicid Fighter began the quest for the Orb.
     0 | D:1      | Reached XP level 1. HP: 18/18 MP: 1/1
    30 | D:1      | Found a faded altar of an unknown god.
   133 | D:1      | Reached XP level 2. HP: 22/24 MP: 2/2
   492 | D:1      | Reached XP level 3. HP: 28/29 MP: 3/3
   527 | D:1      | Reached skill level 3 in Axes
   899 | D:2      | Reached XP level 4. HP: 29/35 MP: 4/4
  1089 | D:2      | Reached skill level 4 in Axes
  1089 | D:2      | Reached skill level 5 in Shields
  1089 | D:2      | Reached XP level 5. HP: 40/41 MP: 5/5
  2337 | D:4      | Found a staircase to the Ecumenical Temple.
  2352 | Temple   | Entered the Ecumenical Temple
  2598 | Temple   | Became a worshipper of Makhleb the Destroyer
  2681 | D:4      | Reached XP level 6. HP: 33/47 MP: 6/6
  2695 | D:4      | Reached skill level 5 in Axes
  2699 | D:4      | HP: 2/47 [iguana (6)]
  2989 | D:4      | Noticed Blork the orc
  2998 | D:4      | Killed Blork the orc
  2999 | D:4      | Reached skill level 6 in Axes
  2999 | D:4      | Reached XP level 7. HP: 27/52 MP: 7/7
  3308 | D:5      | Entered Level 5 of the Dungeon
  3697 | D:5      | Reached * piety under Makhleb
  3700 | D:5      | Found an opulent altar of Gozag.
  3706 | D:5      | Reached skill level 7 in Axes
  4020 | D:5      | Reached XP level 8. HP: 58/58 MP: 8/8
  4285 | D:5      | Reached skill level 8 in Axes
  4381 | D:5      | Found a hide-covered altar of Uskayaw.
  4485 | D:6      | Noticed Dowan
  4485 | D:6      | Noticed Duvessa
  4504 | D:6      | Killed Duvessa
  4670 | D:6      | Reached skill level 9 in Axes
  4811 | D:6      | Killed Dowan
  5199 | D:6      | Reached skill level 10 in Axes
  5209 | D:6      | Reached XP level 9. HP: 46/64 MP: 9/9
  5322 | D:6      | Identified the +6 long sword of Fedhas, Shimmering {pain,
                  | rElec rF+ Dex+4 Stlth+}
  5333 | D:6      | Reached ** piety under Makhleb
  5402 | D:6      | Noticed Eustachio
  5424 | D:6      | Killed Eustachio
  5522 | D:6      | Reached skill level 11 in Axes
  5671 | D:6      | Found a runed translucent door.
  5672 | D:6      | Noticed Crazy Yiuf
  5705 | D:6      | Killed Crazy Yiuf
  6033 | D:7      | Reached skill level 1 in Invocations
  6345 | D:7      | Reached skill level 12 in Axes
  6549 | D:7      | Reached XP level 10. HP: 64/71 MP: 12/12
  7279 | D:7      | HP: 2/73 [centaur/arrow (10)]
  7280 | D:7      | Shot with an arrow by a centaur

Illustrated notes

Levels and vault maps discovered:
D:1:      dpeg_arrival_tiny_k, layout_basic, hellmonk_ecumenical_altar_blasted,
          wad_floor_pattern_2
D:2:      layout_rooms, kennysheep_generic_room_13
D:3:      layout_basic
D:4:      layout_cave_pools, minmay_temple_entry_waves, uniq_blork_the_orc
D:5:      layout_basic, nicolae_gozag_seed_capital, nicolae_uskayaw_suspiria,
          kennysheep_small_spiral
D:6:      layout_basic, uniq_duvessa, uniq_eustachio, uniq_crazy_yiuf_cottage
D:7:      layout_cave_pools, centaur_isle
Temple:   compressed_dpeg_circular_temple

Skill      XL: |  1  2  3  4  5  6  7  8  9 10 |
---------------+-------------------------------+-----
Axes           | 3 4 6 7 10 12 | 12.0
Shields        | 5 6 |  6.0
Invocations    | 3 4 |  4.3
Fighting       | 4 |  4.6
Armour         | |  3.2

Action                     |  1- 3 |  4- 6 |  7- 9 | 10-12 || total
---------------------------+-------+-------+-------+-------++-------
  Melee: War axe           |   105 |   134 |   367 |    22 ||   628
 Invoke: Minor Destruction |       |       |     1 |       ||     1
Ability: Dig               |     2 |       |     2 |       ||     4
    Use: Potion            |       |     2 |     1 |     2 ||     5
 Armour: Plate armour      |    76 |    75 |   187 |    19 ||   357
  Dodge: Dodged            |    40 |    39 |   105 |    11 ||   195
  Block: Buckler           |    31 |    41 |    90 |    12 ||   174

Table legend: (Time is in decaauts)
 A = Elapsed time spent in this place.
 B = Non-inter-level travel time spent in this place.
 C = Inter-level travel time spent in this place.
 D = Time resting spent in this place.
 E = Time spent auto-exploring this place.
 F = Levels seen in this place.
 G = Mean time per level.
                   A        B        C        D        E       F      G
               +--------+--------+--------+--------+--------+-----+--------+
         Total |   7390 |   7232 |    158 |   1881 |   3581 |   8 |  923.8 |
       Dungeon |   7109 |   6985 |    124 |   1881 |   3522 |   7 | 1015.6 |
        Temple |    280 |    246 |     34 |      0 |     59 |   1 |  280.0 |
               +--------+--------+--------+--------+--------+-----+--------+

Top non-repeatable levels by time:
     D:5: 1641 daAuts
     D:7: 1288 daAuts
     D:6: 1063 daAuts
     D:3: 900 daAuts
     D:1: 825 daAuts
     D:4: 745 daAuts
     D:2: 645 daAuts
  Temple: 280 daAuts
